 Dungeon Crawl Stone Soup version 0.28-a0-464-g0687ed5 (webtiles) character file.

Game seed: 6549288344058405678

262 CeDe the Firebug (level 5, -1/40 HPs)
             Began as a Demigod Fire Elementalist on Sept 13, 2021.
             Succumbed to a killer bee's poison
             ... on level 4 of the Dungeon.
             The game lasted 00:15:51 (3600 turns).

CeDe the Firebug (Demigod Fire Elementalist)        Turns: 3600, Time: 00:15:52

Health: -1/40      AC:  2    Str:  9    XL:     5   Next: 64%
Magic:  0/11       EV: 12    Int: 21    God:
Gold:   148        SH:  0    Dex: 14    Spells: 2/9 levels left

rFire   . . .      SeeInvis .   m - +0 falchion
rCold   . . .      Faith    .   (no shield)
rNeg    . . .      Spirit   +   a - +0 robe
rPois   .          Reflect  .   (no helmet)
rElec   .          Harm     .   (no cloak)
rCorr   .          Rampage  .   (no gloves)
Will    .....                   (no boots)
Stlth   ++........              k - amulet of guardian spirit
HPRegen 0.13/turn               (no ring)
MPRegen 0.12/turn               (no ring)

@: lethally poisoned (-1 -> -6), weak-willed
A: high mp 1, forlorn
a: no special abilities


You were on level 4 of the Dungeon.
You visited 1 branch of the dungeon, and saw 4 of its levels.

You collected 181 gold pieces.
You spent 33 gold pieces at shops.

Inventory:

Hand Weapons
 b - a +0 short sword
 m - a +0 falchion (weapon)
Missiles
 i - 2 throwing nets
Armour
 a - a +0 robe (worn)
Jewellery
 f - a ring of protection from cold
 k - an amulet of guardian spirit (around neck)
Wands
 j - a wand of flame (24)
Scrolls
 c - 2 scrolls of amnesia {unknown}
 d - 4 scrolls of identify {unknown}
 e - 3 scrolls of vulnerability
 h - a scroll of enchant armour {unknown}
 l - a scroll of torment {unknown}
 n - a scroll of teleportation {unknown}
Potions
 o - a potion of haste


   Skills:
 + Level 1.2 Fighting
 - Level 0.6 Short Blades
 - Level 1.7 Dodging
 - Level 2.0 Stealth
 + Level 2.6 Spellcasting
 * Level 2.7 Conjurations
 * Level 4.4 Fire Magic


You had 2 spell levels left.
You knew the following spells:

 Your Spells              Type           Power      Damage    Failure   Level
a - Foxfire               Conj/Fire      72%        2x1d7     3%          1
b - Scorch                Fire           42%        2d7       3%          2
c - Flame Wave            Conj/Fire      18%        3d5       30%         4

Your spell library contained the following spells:

 Spells                   Type           Power      Damage    Failure   Level
 Sandblast                Erth           4%         2d4       14%         1
 Ensorcelled Hibernation  Hex/Ice        4%         N/A       22%         2
 Passwall                 Tmut/Erth      1%         N/A       22%         2
 Conjure Flame            Conj/Fire      18%        6-21      10%         3
 Inner Flame              Hex/Fire       12%        N/A       17%         3
 Stone Arrow              Conj/Erth      16%        3d8       24%         3
 Tukima's Dance           Hex            2%         N/A       38%         3


Dungeon Overview and Level Annotations

Branches:
Dungeon (4/15)
 Temple: D:4-7

Shops:
D:2 *   D:3 (

Annotations:
D:4 2 runed translucent doors, Dega's ghost, amateur OpFi


Innate Abilities, Weirdness & Mutations

Your attributes grow dramatically as you level up.
You have an increased reservoir of magic. (+10% MP)
You shall have no god before yourself.


Message History

The killer bee buzzes angrily.
You hear an angry buzzing noise.
The killer bee stings you!
You are poisoned.
The killer bee poisons you!
A killer bee comes into view.
The killer bee stings you.
You are lethally poisoned!
The killer bee poisons you!
* * * LOW HITPOINT WARNING * * *
You feel very sick.
The foxfire hits the killer bee but does no damage.
The killer bee is moderately wounded.
The foxfire hits the killer bee.
The killer bee is heavily wounded.
A killer bee comes into view.
The killer bee misses you.
You feel better. The killer bee stings you!
* * * LOW HITPOINT WARNING * * *
The killer bee closely misses you.
As you read the scroll labelled VEAKHICIMP, it crumbles to dust.
Magic quickly surges around you.
It was a scroll of vulnerability.
The killer bee stings you.
* * * LOW HITPOINT WARNING * * *
You are lethally poisoned!
The killer bee poisons you! The killer bee stings you.
* * * LOW HITPOINT WARNING * * *
You are more poisoned.
The killer bee poisons you! The killer bee barely misses you.
The killer bee stings you but does no damage.
You feel better. The killer bee stings you.
* * * LOW HITPOINT WARNING * * *
You are lethally poisoned!
The killer bee poisons you! The killer bee barely misses you.
The killer bee closely misses you.
Dega's ghost lets out a mournful wail.
The killer bee stings you.
* * * LOW HITPOINT WARNING * * *
The killer bee stings you but does no damage.
The killer bee barely misses you.
You die...

.. ####.#### .#
#...<...# # .
#..#..#.# # #.
#..#..#.# #
.####(##### #..#..#.#
# .$........#
#..##.#.######
#.y...###..##.#.......
#..yy............<....
#.yy.@...####.#.......
#####++### #.########
#≈W.....# #.# #
#.≈⌠.#..## #.# #
#.#≈.≈..# #.# #
##≈.!≈.#≈# #.# #
###≈#.### #.# # #####
### #..


You could see 5 killer bees and Dega's ghost.

Vanquished Creatures
  A centaur (D:3)
  A hound (D:3)
  Natasha (D:2)
  An orc wizard (D:3)
  3 adders
  A worm (D:2)
  A dart slug (D:3)
  9 orcs (D:3)
  6 ball pythons
  2 bats (D:1)
  7 endoplasms
  A giant cockroach (D:2)
  7 goblins
  7 hobgoblins
  A quokka (D:1)
  5 frilled lizards
  6 kobolds
  7 rats
67 creatures vanquished.

Vanquished Creatures (others)
  159 foxfires
  A plant (D:1)
160 creatures vanquished.

Grand Total: 227 creatures vanquished

Notes
Turn   | Place    | Note
-------+----------+-------------------------------------------
     0 | D:1      | CeDe the Demigod Fire Elementalist began the quest for the
                  | Orb.
     0 | D:1      | Reached XP level 1. HP: 14/14 MP: 5/5
    93 | D:1      | Reached skill level 1 in Conjurations
   198 | D:1      | Reached skill level 3 in Fire Magic
   288 | D:1      | Reached XP level 2. HP: 20/20 MP: 2/7
   563 | D:1      | Learned a level 2 spell: Scorch
   972 | D:2      | Reached XP level 3. HP: 26/26 MP: 5/8
  1332 | D:2      | Found Halywno's General Store.
  1359 | D:2      | Bought a potion of curing for 33 gold pieces
  1486 | D:2      | Noticed Natasha
  1490 | D:2      | Killed Natasha
  1753 | D:2      | Reached XP level 4. HP: 33/33 MP: 8/10
  2042 | D:3      | Learned a level 4 spell: Flame Wave
  2092 | D:3      | Reached skill level 4 in Fire Magic
  2728 | D:3      | Found Plog's Weapon Boutique.
  2734 | D:3      | Reached XP level 5. HP: 39/39 MP: 9/11
  3418 | D:3      | Noticed a centaur
  3424 | D:3      | Killed a centaur
  3425 | D:3      | Reached skill level 1 in Fighting
  3580 | D:4      | Found a large runed translucent door.
  3581 | D:4      | Found a large runed translucent door.
  3583 | D:4      | Noticed Dega's ghost (amateur OpFi)
  3599 | D:4      | HP: 1/40 [killer bee (4)]
  3600 | D:4      | Succumbed to a killer bee's poison

Illustrated notes

Levels and vault maps discovered:
D:1:      lightli_arrival_windingriver, layout_basic,
          hellmonk_ecumenical_altar_run_dry
D:2:      layout_loops_ring, serial_shops, nicolae_shop_crystal, uniq_natasha
D:3:      layout_basic, serial_shops, shop
D:4:      layout_loops_cross, minmay_temple_entry_proselytizer,
          ebering_ghost_disaster_area

Skill      XL: |  1  2  3  4  5 |
---------------+----------------+-----
Conjurations   | 1 2 |  2.7
Fire Magic     | 3 4 |  4.4
Spellcasting   | 2 |  2.6
Stealth        | 2 |  2.0
Fighting       | 1 |  1.2
Short Blades   | |  0.6
Dodging        | |  1.7

Action                   |  1- 3 |  4- 6 || total
-------------------------+-------+-------++-------
Melee: Short sword       |    20 |     5 ||    25
       Unarmed           |     1 |       ||     1
       Falchion          |       |     4 ||     4
 Cast: Foxfire           |    60 |    31 ||    91
       Scorch            |     1 |    12 ||    13
  Use: Potion            |       |     2 ||     2
       Scroll            |       |     1 ||     1
 Stab: Sleeping          |     1 |     3 ||     4
Armor: Robe              |     7 |     4 ||    11
Dodge: Dodged            |    38 |    31 ||    69

Table legend: (Time is in decaauts)
 A = Elapsed time spent in this place.
 B = Non-inter-level travel time spent in this place.
 C = Inter-level travel time spent in this place.
 D = Time resting spent in this place.
 E = Time spent auto-exploring this place.
 F = Levels seen in this place.
 G = Mean time per level.
                   A        B        C        D        E       F      G
               +--------+--------+--------+--------+--------+-----+--------+
         Total |   3602 |   3456 |    146 |    571 |   1683 |   4 |  900.5 |
       Dungeon |   3602 |   3456 |    146 |    571 |   1683 |   4 |  900.5 |
               +--------+--------+--------+--------+--------+-----+--------+

Top non-repeatable levels by time:
     D:3: 1460 daAuts
     D:2: 1132 daAuts
     D:1: 890 daAuts
     D:4: 118 daAuts
